Patriotes vs Staline
(R1)
Created - 25 avril 2015 at 09:45
Goals
|
| Patriotes |
0 |
2 |
1 |
3 |
| Staline |
0 |
3 |
2 |
5 |
|
Shots
|
| Patriotes |
8 |
7 |
8 |
23 |
| Staline |
9 |
11 |
12 |
32 |
|
1st period
No Goal
Penalties :
Dwight King (Nyc) for Tripping (Minor) at 0:56, Devin Setoguchi (StJ) for High sticking (Minor) at 1:19, Patrice Cormier (Nyc) for Cross-checking (Minor) at 3:40, Timothy Kunes (Nyc) for Hooking (Minor) at 12:21, Timothy Kunes (Nyc) for Tripping (Minor) at 18:59
2nd period
1. Staline , Devin Setoguchi 7 (Andrei Loktionov, T.J. Fast) at 0:44 (PP)
2. Patriotes , Andreas Nodl 3 (Tomas Kurka, Zenon Konopka) at 3:32
3. Staline , T.J. Fast 2 (Devin Setoguchi) at 9:53 (SH)
4. Staline , Michael Del Zotto 1 (T.J. Fast, Tobias Stephan) at 16:57 (PP)
5. Patriotes , Dwight King 2 (Brett Skinner, Christian Hanson) at 17:56
Penalties :
Pierre-Luc Létourneau (StJ) for Roughing (Minor) at 6:54, Mason Raymond (StJ) for Hooking (Minor) at 9:35, Nigel Williams (Nyc) for Hooking (Minor) at 16:45
3rd period
6. Patriotes , Fedor Fedorov 2 (Cory Emmerton, Andrew Gordon) at 0:37 (PP)
7. Staline , Nick Spaling 6 (Mathieu Perreault) at 14:16
8. Staline , Andrei Loktionov 8 (Pierre-Luc Létourneau) at 19:33 (Empty Net)
Penalties :
T.J. Fast (StJ) for Hooking (Minor) at 0:07, T.J. Fast (StJ) for Slashing (Minor) at 2:26, Andreas Nodl (Nyc) for Boarding (Double Minor) at 7:15, Tyler Cuma (StJ) for High sticking (Minor) at 15:35
Goalie Stats
Joey MacDonald (Nyc), 27 saves from 31 shots - (0,871), L, 3-2-1, 59:50 minutes
Tobias Stephan (StJ), 20 saves from 23 shots - (0,870), W, 4-2-0, 60:00 minutes
Players Stats for Patriotes
Player Name G A P +/- PIM S H SB GA TA FO MP PP MP PK MP
------------------------------------------------------------------------------------
Andreas Nodl 1 0 1 -1 4 2 5 1 3 1 3/3 23:16 4:52 3:41
Andrew Gordon 0 1 1 0 0 1 0 0 1 0 1/2 16:46 3:57 2:13
Brett Skinner 0 1 1 -1 0 2 3 2 1 0 0/0 29:51 5:32 6:09
Christian Hanson 0 1 1 0 0 1 0 0 1 0 2/3 11:20 0:00 1:29
Cory Emmerton 0 1 1 0 0 2 3 0 0 0 6/13 14:33 3:57 0:00
Dwight King 1 0 1 0 2 3 0 0 0 0 0/0 11:56 0:02 1:48
Fedor Fedorov 1 0 1 0 0 1 0 1 0 0 0/1 18:23 3:57 3:50
Jared Staal 0 0 0 0 0 0 0 0 0 0 0/0 5:29 0:00 0:00
Joe Charlebois 0 0 0 -1 0 0 1 1 0 1 0/0 19:52 3:17 3:37
Lauri Tukonen 0 0 0 0 0 0 2 2 0 0 1/1 9:51 0:00 0:00
Liam Reddox 0 0 0 0 0 1 0 0 2 0 0/0 7:18 0:00 1:35
Mathieu Brodeur 0 0 0 1 0 0 0 1 0 0 0/0 11:27 0:00 1:41
Nigel Williams 0 0 0 1 2 1 0 0 0 0 0/0 10:19 0:00 0:34
Patrice Cormier 0 0 0 0 2 1 0 0 0 0 2/3 6:28 0:00 0:46
Timothy Kunes 0 0 0 -1 4 1 2 2 0 3 0/0 18:40 3:17 2:27
Tomas Kurka 0 1 1 -1 0 7 2 0 0 0 5/13 24:48 4:52 5:12
Tyler Myers 0 0 0 -1 0 0 2 1 0 1 0/0 29:48 5:32 6:06
Zenon Konopka 0 1 1 -1 0 0 3 1 0 0 12/24 17:55 4:50 0:00
Players Stats for Staline
Player Name G A P +/- PIM S H SB GA TA FO MP PP MP PK MP
------------------------------------------------------------------------------------
Andrei Loktionov 1 1 2 1 0 9 1 0 1 2 10/22 21:00 5:01 2:15
Cam Janssen 0 0 0 0 0 0 3 0 1 0 2/3 15:53 3:44 2:15
Cody Eakin 0 0 0 -1 0 1 0 0 0 0 2/5 7:00 0:12 0:28
Danny Kristo 0 0 0 -1 0 1 1 0 0 0 0/0 7:29 1:11 0:00
Devin Setoguchi 1 1 2 2 2 3 2 0 1 0 7/10 22:52 5:00 4:58
James Sheppard 0 0 0 -1 0 0 0 0 0 0 0/1 9:21 0:44 1:59
Jared Boll 0 0 0 0 0 2 1 0 0 0 1/1 13:13 1:26 0:02
Mason Raymond 0 0 0 0 2 2 0 1 0 0 0/0 14:06 3:42 1:18
Mathieu Perreault 0 1 1 0 0 1 0 0 1 0 3/7 10:09 0:00 0:00
Michael Del Zotto 1 0 1 0 0 3 2 1 0 0 0/0 16:21 5:42 0:02
Nick Spaling 1 0 1 0 0 3 2 0 0 1 1/1 11:48 1:10 0:28
Peter Mueller 0 0 0 0 0 1 0 1 0 0 3/10 12:27 3:42 0:00
Pierre-Luc Létourneau 0 1 1 2 2 1 1 0 0 0 2/3 23:05 4:58 3:55
Stu Bickel 0 0 0 2 0 0 1 0 0 1 0/0 23:02 0:37 5:27
T.J. Fast 1 2 3 2 4 4 1 2 0 1 0/0 27:25 5:42 3:31
Theo Peckham 0 0 0 -1 0 0 1 0 1 1 0/0 21:38 3:58 3:34
Torey Krug 0 0 0 0 0 0 1 3 0 1 0/0 12:57 0:37 2:37
Tyler Cuma 0 0 0 -1 2 1 3 2 1 1 0/0 19:43 3:58 2:27
3 Stars
1 - T.J. Fast (StJ)
2 - Andrei Loktionov (StJ)
3 - Devin Setoguchi (StJ)
Power Play
Patriotes - 1 on 6 Attempt(s) - 16,67%
Staline - 2 on 8 Attempt(s) - 25,00%
Penalty Kill
Patriotes - 6 on 8 Attempt(s) - 75,00%
- Score 0 goal in Penalty Kill
Staline - 5 on 6 Attempt(s) - 83,33%
- Score 1 goal in Penalty Kill
Team Stat
Patriotes - Hits : 23 - Faceoff Wins : 32 - Blocked Shots : 12 - Penalty Minutes : 14
Staline - Hits : 20 - Faceoff Wins : 31 - Blocked Shots : 10 - Penalty Minutes : 12
Official
Referees : Martell Rob and LaRue Dennis
Linesman : Jay Sharrers and Mark Pare
Game Notes
18:00 of 3rd period - Penalty Shot by Timothy Kunes for Patriotes - Stopped by Tobias Stephan
Andrei Loktionov has scored in a empty net!
Finance
Level 1 -- Attendance: 2000 (100,00%) -- Ticket Income 70 000 $
Level 2 -- Attendance: 1000 (100,00%) -- Ticket Income 15 000 $
Total Attendance: 3000 (100,00%)
Total Ticket Income: 85 000 $
Other Income: 4 250 $
Total Income: 89 250 $
Patriotes
5 vs 5 Forward
Center Left Wing Right Wing Time % Phy DF OF
1 Zenon Konopka Tomas Kurka Andreas Nodl 40 1 2 2
2 Cory Emmerton Fedor Fedorov Andrew Gordon 30 1 2 2
3 Christian Hanson Dwight King Lauri Tukonen 20 1 2 2
4 Patrice Cormier Liam Reddox Jared Staal 10 1 2 2
5 vs 5 Defense
Defense Defense Time % Phy DF OF
1 Brett Skinner Tyler Myers 40 1 2 2
2 Joe Charlebois Timothy Kunes 30 1 2 2
3 Nigel Williams Mathieu Brodeur 20 1 2 2
4 Brett Skinner Tyler Myers 10 1 2 2
PowerPlay Forward
Center Left Wing Right Wing Time % Phy DF OF
1 Zenon Konopka Tomas Kurka Andreas Nodl 60 1 2 2
2 Cory Emmerton Fedor Fedorov Andrew Gordon 40 1 2 2
PowerPlay Defense
Defense Defense Time % Phy DF OF
1 Brett Skinner Tyler Myers 60 1 2 2
2 Joe Charlebois Timothy Kunes 40 1 2 2
Penalty Kill 4 Players Forward
Center Wing Time % Phy DF OF
1 Tomas Kurka Andreas Nodl 60 1 2 2
2 Andrew Gordon Fedor Fedorov 40 1 2 2
Penalty Kill 4 Players Defense
Defense Defense Time % Phy DF OF
1 Brett Skinner Tyler Myers 60 1 2 2
2 Joe Charlebois Timothy Kunes 40 1 2 2
Penalty Kill - 3 Players Forward
Forward Time % Phy DF OF
1 Tomas Kurka 60 1 2 2
2 Andreas Nodl 40 1 2 2
Penalty Kill - 3 Players Defense
Defense Defense Time % Phy DF OF
1 Brett Skinner Tyler Myers 60 1 2 2
2 Joe Charlebois Timothy Kunes 40 1 2 2
4 vs 4 Forward
Center Wing Time % Phy DF OF
1 Tomas Kurka Andreas Nodl 60 1 2 2
2 Andrew Gordon Fedor Fedorov 40 1 2 2
4 vs 4 Defense
Defense Defense Time % Phy DF OF
1 Brett Skinner Tyler Myers 60 1 2 2
2 Joe Charlebois Timothy Kunes 40 1 2 2
Last Minutes Offensive
Center Left Wing Right Wing Defense Defense
Zenon Konopka Tomas Kurka Andreas Nodl Brett Skinner Tyler Myers
Last Minutes Defensive
Center Left Wing Right Wing Defense Defense
Zenon Konopka Tomas Kurka Andreas Nodl Brett Skinner Tyler Myers
Goaltenders
Starting : Joey MacDonald
Backup : Marek Schwarz
Extra Forwards
Normal : Christian Hanson, Lauri Tukonen, Dwight King - PP : Christian Hanson, Lauri Tukonen - PK : Dwight King
Extra Defensemen
Normal : Nigel Williams, Mathieu Brodeur, Joe Charlebois - PP : Nigel Williams - PK : Mathieu Brodeur, Joe Charlebois
Penalty Shots
Tomas Kurka, Andreas Nodl, Andrew Gordon, Fedor Fedorov, Zenon Konopka
Staline
5 vs 5 Forward
Center Left Wing Right Wing Time % Phy DF OF
1 Andrei Loktionov Pierre-Luc Létourneau Devin Setoguchi 40 1 2 2
2 Peter Mueller Mason Raymond Cam Janssen 30 1 2 2
3 Mathieu Perreault Nick Spaling Jared Boll 20 1 2 2
4 Cody Eakin James Sheppard Danny Kristo 10 1 2 2
5 vs 5 Defense
Defense Defense Time % Phy DF OF
1 T.J. Fast Stu Bickel 40 1 2 2
2 Theo Peckham Tyler Cuma 30 1 2 2
3 Michael Del Zotto Torey Krug 20 1 2 2
4 T.J. Fast Stu Bickel 10 1 2 2
PowerPlay Forward
Center Left Wing Right Wing Time % Phy DF OF
1 Andrei Loktionov Pierre-Luc Létourneau Devin Setoguchi 60 1 2 2
2 Peter Mueller Mason Raymond Cam Janssen 40 1 2 2
PowerPlay Defense
Defense Defense Time % Phy DF OF
1 T.J. Fast Michael Del Zotto 60 1 2 2
2 Theo Peckham Tyler Cuma 40 1 2 2
Penalty Kill 4 Players Forward
Center Wing Time % Phy DF OF
1 Devin Setoguchi Pierre-Luc Létourneau 60 1 2 2
2 Cam Janssen Andrei Loktionov 40 1 2 2
Penalty Kill 4 Players Defense
Defense Defense Time % Phy DF OF
1 T.J. Fast Stu Bickel 60 1 2 2
2 Theo Peckham Tyler Cuma 40 1 2 2
Penalty Kill - 3 Players Forward
Forward Time % Phy DF OF
1 Devin Setoguchi 60 1 2 2
2 Pierre-Luc Létourneau 40 1 2 2
Penalty Kill - 3 Players Defense
Defense Defense Time % Phy DF OF
1 T.J. Fast Stu Bickel 60 1 2 2
2 Theo Peckham Tyler Cuma 40 1 2 2
4 vs 4 Forward
Center Wing Time % Phy DF OF
1 Devin Setoguchi Pierre-Luc Létourneau 60 1 2 2
2 Cam Janssen Andrei Loktionov 40 1 2 2
4 vs 4 Defense
Defense Defense Time % Phy DF OF
1 T.J. Fast Michael Del Zotto 60 1 2 2
2 Theo Peckham Tyler Cuma 40 1 2 2
Last Minutes Offensive
Center Left Wing Right Wing Defense Defense
Andrei Loktionov Pierre-Luc Létourneau Devin Setoguchi T.J. Fast Stu Bickel
Last Minutes Defensive
Center Left Wing Right Wing Defense Defense
Andrei Loktionov Pierre-Luc Létourneau Devin Setoguchi T.J. Fast Stu Bickel
Goaltenders
Starting : Tobias Stephan
Backup : Martin Houle
Extra Forwards
Normal : Jared Boll, Nick Spaling, James Sheppard - PP : Jared Boll, Nick Spaling - PK : James Sheppard
Extra Defensemen
Normal : Michael Del Zotto, Torey Krug, Theo Peckham - PP : Michael Del Zotto - PK : Torey Krug, Theo Peckham
Penalty Shots
Devin Setoguchi, Pierre-Luc Létourneau, Cam Janssen, Andrei Loktionov, Mason Raymond
% Time on Ice - Patriotes
Lines # - Real PCT - Wanted PCT - Time Play
Normal Forward
1 - 34% - 40% - 13:02
2 - 28% - 30% - 10:36
3 - 24% - 20% - 9:22
4 - 14% - 10% - 5:29
Normal Defense
1 - 41% - 40% - 15:45
2 - 34% - 30% - 12:58
3 - 25% - 20% - 9:46
4 - 0% - 10% - 0:00
PP Forward
1 - 55% - 60% - 4:52
2 - 45% - 40% - 3:57
PP Defense
1 - 63% - 60% - 5:32
2 - 37% - 40% - 3:17
PK Forward
1 - 78% - 60% - 8:04
2 - 22% - 40% - 2:13
PK Defense
1 - 62% - 60% - 6:22
2 - 38% - 40% - 3:55
PK3 Forward
1 - 0% - 60%
2 - 0% - 40%
PK3 Defense
1 - 0% - 60%
2 - 0% - 40%
44 Forward
1 - 100% - 60% - 1:36
2 - 0% - 40% - 0:00
44 Defense
1 - 100% - 60% - 1:36
2 - 0% - 40% - 0:00
Last Minute Offensive - 0:49
Last Minute Defensive - 0:00
Total
Forward - 60:00
Defense - 60:00
|
% Time on Ice - Staline
Lines # - Real PCT - Wanted PCT - Time Play
Normal Forward
1 - 32% - 40% - 12:27
2 - 26% - 30% - 9:54
3 - 26% - 20% - 10:09
4 - 16% - 10% - 6:18
Normal Defense
1 - 44% - 40% - 16:56
2 - 34% - 30% - 13:19
3 - 22% - 20% - 8:33
4 - 0% - 10% - 0:00
PP Forward
1 - 62% - 60% - 6:24
2 - 38% - 40% - 3:53
PP Defense
1 - 61% - 60% - 6:19
2 - 39% - 40% - 3:58
PK Forward
1 - 74% - 60% - 6:34
2 - 26% - 40% - 2:15
PK Defense
1 - 62% - 60% - 5:29
2 - 38% - 40% - 3:20
PK3 Forward
1 - 0% - 60%
2 - 0% - 40%
PK3 Defense
1 - 0% - 60%
2 - 0% - 40%
44 Forward
1 - 100% - 60% - 1:36
2 - 0% - 40% - 0:00
44 Defense
1 - 100% - 60% - 1:36
2 - 0% - 40% - 0:00
Last Minute Offensive - 0:00
Last Minute Defensive - 0:30
Total
Forward - 60:00
Defense - 60:00
|
Play by Play
1st period
0:01 of 1st period - Andreas Nodl wins face-off versus Andrei Loktionov in neutral zone.
0:03 of 1st period - Off-side.
0:04 of 1st period - Zenon Konopka wins face-off versus Andrei Loktionov in neutral zone.
0:56 of 1st period - Minor Penalty to Dwight King for Tripping.
0:57 of 1st period - Andrei Loktionov wins face-off versus Tomas Kurka in Patriotes zone.
1:19 of 1st period - Minor Penalty to Devin Setoguchi for High sticking.
1:20 of 1st period - Pierre-Luc Létourneau wins face-off versus Tomas Kurka in Staline zone.
1:29 of 1st period - Slapshot by Michael Del Zotto.
1:29 of 1st period - Deflect By Andreas Nodl.
1:29 of 1st period - Stopped by Joey MacDonald without a rebound.
1:30 of 1st period - Jared Boll wins face-off versus Tomas Kurka in Patriotes zone.
1:31 of 1st period - Slapshot by Pierre-Luc Létourneau.
1:31 of 1st period - Shot Misses the Net.
1:35 of 1st period - Wrist shot by Pierre-Luc Létourneau.
1:35 of 1st period - Shot Misses the Net.
2:19 of 1st period - Snap shot by Jared Boll.
2:19 of 1st period - Stopped by Joey MacDonald with a rebound.
2:21 of 1st period - Wrist shot by Pierre-Luc Létourneau.
2:21 of 1st period - Shot Blocked by Tyler Myers.
2:23 of 1st period - Slapshot by Michael Del Zotto.
2:23 of 1st period - Shot Misses the Net.
2:25 of 1st period - Snap shot by Pierre-Luc Létourneau.
2:25 of 1st period - Shot Blocked by Brett Skinner.
2:51 of 1st period - Wrist shot by Tomas Kurka.
2:51 of 1st period - Stopped by Tobias Stephan with a rebound.
2:56 of 1st period - Penalty to Dwight King is over, Dwight King is back on ice.
2:57 of 1st period - Snap shot by Tomas Kurka.
2:57 of 1st period - Stopped by Tobias Stephan without a rebound.
2:58 of 1st period - Cam Janssen wins face-off versus Cory Emmerton in Staline zone.
3:04 of 1st period - Icing by Timothy Kunes.
3:05 of 1st period - Cory Emmerton wins face-off versus James Sheppard in Patriotes zone.
3:19 of 1st period - Penalty to Devin Setoguchi is over, Devin Setoguchi is back on ice.
3:37 of 1st period - Snap shot by Mason Raymond.
3:37 of 1st period - Stopped by Joey MacDonald without a rebound.
3:38 of 1st period - Patrice Cormier wins face-off versus Peter Mueller in Patriotes zone.
3:40 of 1st period - Minor Penalty to Patrice Cormier for Cross-checking.
3:41 of 1st period - Peter Mueller wins face-off versus Tomas Kurka in Patriotes zone.
4:24 of 1st period - Tomas Kurka is hit by Devin Setoguchi and loses puck.
5:30 of 1st period - Timothy Kunes is hit by T.J. Fast and loses puck.
5:40 of 1st period - Penalty to Patrice Cormier is over, Patrice Cormier is back on ice.
5:49 of 1st period - Wrist shot by James Sheppard.
5:49 of 1st period - Shot Misses the Net.
6:55 of 1st period - Icing by Mathieu Brodeur.
6:56 of 1st period - Lauri Tukonen wins face-off versus Cody Eakin in Patriotes zone.
7:25 of 1st period - Wrist shot by Andrei Loktionov.
7:25 of 1st period - Stopped by Joey MacDonald without a rebound.
7:26 of 1st period - Andreas Nodl wins face-off versus Andrei Loktionov in Patriotes zone.
7:41 of 1st period - Snap shot by Tomas Kurka.
7:41 of 1st period - Stopped by Tobias Stephan without a rebound.
7:42 of 1st period - Cory Emmerton wins face-off versus Peter Mueller in Staline zone.
7:53 of 1st period - Fedor Fedorov is hit by Cam Janssen and loses puck.
8:19 of 1st period - Snap shot by Andreas Nodl.
8:19 of 1st period - Stopped by Tobias Stephan with a rebound.
8:38 of 1st period - Off-side.
8:39 of 1st period - Cory Emmerton wins face-off versus Peter Mueller in neutral zone.
8:42 of 1st period - Backhand shot by Andrew Gordon.
8:42 of 1st period - Shot Blocked by Mason Raymond.
8:44 of 1st period - Wrist shot by Timothy Kunes.
8:44 of 1st period - Shot Misses the Net.
8:46 of 1st period - Wrist shot by Andrew Gordon.
8:46 of 1st period - Shot Blocked by T.J. Fast.
8:48 of 1st period - Slapshot by Joe Charlebois.
8:48 of 1st period - Shot Misses the Net.
9:13 of 1st period - Snap shot by Tomas Kurka.
9:13 of 1st period - Stopped by Tobias Stephan without a rebound.
9:14 of 1st period - Cory Emmerton wins face-off versus Devin Setoguchi in Staline zone.
9:24 of 1st period - Snap shot by Andrew Gordon.
9:24 of 1st period - Stopped by Tobias Stephan with a rebound.
9:26 of 1st period - Slapshot by Nigel Williams.
9:26 of 1st period - Stopped by Tobias Stephan with a rebound.
9:45 of 1st period - Theo Peckham is hit by Tomas Kurka and loses puck.
10:08 of 1st period - Wrist shot by Nick Spaling.
10:08 of 1st period - Shot Misses the Net.
10:10 of 1st period - Slapshot by Theo Peckham.
10:10 of 1st period - Shot Misses the Net.
10:12 of 1st period - Slapshot by Theo Peckham.
10:12 of 1st period - Shot Blocked by Lauri Tukonen.
10:42 of 1st period - Pierre-Luc Létourneau is hit by Tyler Myers and loses puck.
10:51 of 1st period - Snap shot by Andrei Loktionov.
10:51 of 1st period - Stopped by Joey MacDonald without a rebound.
10:52 of 1st period - Zenon Konopka wins face-off versus Peter Mueller in Patriotes zone.
10:57 of 1st period - Cam Janssen is hit by Timothy Kunes and loses puck.
12:08 of 1st period - Slapshot by T.J. Fast.
12:08 of 1st period - Stopped by Joey MacDonald without a rebound.
12:09 of 1st period - Andrei Loktionov wins face-off versus Zenon Konopka in Patriotes zone.
12:12 of 1st period - Backhand shot by Andrei Loktionov.
12:12 of 1st period - Shot Misses the Net.
12:14 of 1st period - Snap shot by T.J. Fast.
12:14 of 1st period - Shot Blocked by Joe Charlebois.
12:21 of 1st period - Minor Penalty to Timothy Kunes for Hooking.
12:22 of 1st period - Tomas Kurka wins face-off versus Andrei Loktionov in Patriotes zone.
12:30 of 1st period - Devin Setoguchi is hit by Andreas Nodl and loses puck.
12:57 of 1st period - Snap shot by Peter Mueller.
12:57 of 1st period - Deflect By Mason Raymond.
12:57 of 1st period - Stopped by Joey MacDonald without a rebound.
12:58 of 1st period - Tomas Kurka wins face-off versus Andrei Loktionov in Patriotes zone.
13:23 of 1st period - Cam Janssen is hit by Joe Charlebois and loses puck.
13:30 of 1st period - Joe Charlebois is hit by Cam Janssen and loses puck.
14:21 of 1st period - Penalty to Timothy Kunes is over, Timothy Kunes is back on ice.
14:27 of 1st period - Wrist shot by Christian Hanson.
14:27 of 1st period - Shot Misses the Net.
14:45 of 1st period - Tyler Myers is hit by Andrei Loktionov and loses puck.
15:09 of 1st period - Snap shot by Christian Hanson.
15:09 of 1st period - Stopped by Tobias Stephan without a rebound.
15:10 of 1st period - Zenon Konopka wins face-off versus Peter Mueller in Staline zone.
15:37 of 1st period - T.J. Fast is hit by Cory Emmerton and loses puck.
15:44 of 1st period - Wrist shot by Cory Emmerton.
15:44 of 1st period - Shot Misses the Net.
16:14 of 1st period - Snap shot by Andreas Nodl.
16:14 of 1st period - Shot Blocked by Torey Krug.
16:16 of 1st period - Snap shot by Zenon Konopka.
16:16 of 1st period - Deflect By Tomas Kurka.
16:16 of 1st period - Shot Misses the Net.
16:16 of 1st period - Puck is out of play.
16:17 of 1st period - Peter Mueller wins face-off versus Zenon Konopka in Staline zone.
17:24 of 1st period - Snap shot by Peter Mueller.
17:24 of 1st period - Deflect By Tyler Myers.
17:24 of 1st period - Stopped by Joey MacDonald with a rebound.
17:31 of 1st period - Icing by Christian Hanson.
17:32 of 1st period - Devin Setoguchi wins face-off versus Christian Hanson in Patriotes zone.
17:33 of 1st period - Snap shot by Pierre-Luc Létourneau.
17:33 of 1st period - Stopped by Joey MacDonald with a rebound.
17:41 of 1st period - Slapshot by Devin Setoguchi.
17:41 of 1st period - Shot Misses the Net.
17:43 of 1st period - Snap shot by Devin Setoguchi.
17:43 of 1st period - Shot Misses the Net.
18:07 of 1st period - Snap shot by Tomas Kurka.
18:07 of 1st period - Shot Blocked by Tyler Cuma.
18:27 of 1st period - Snap shot by Jared Boll.
18:27 of 1st period - Shot Misses the Net.
18:29 of 1st period - Slapshot by Theo Peckham.
18:29 of 1st period - Shot Blocked by Fedor Fedorov.
18:31 of 1st period - Slapshot by Tyler Cuma.
18:31 of 1st period - Deflect By Nick Spaling.
18:31 of 1st period - Shot Misses the Net.
18:31 of 1st period - Puck is out of play.
18:32 of 1st period - Zenon Konopka wins face-off versus Andrei Loktionov in Patriotes zone.
18:32 of 1st period - Zenon Konopka is hit by Michael Del Zotto.
18:59 of 1st period - Minor Penalty to Timothy Kunes for Tripping.
19:00 of 1st period - Tomas Kurka wins face-off versus Andrei Loktionov in Patriotes zone.
Goals for this period are 0 for Patriotes vs 0 for Staline.
Shots for this period are 8 for Patriotes vs 9 for Staline.
2nd period
0:01 of 2nd period - Andrei Loktionov wins face-off versus Tomas Kurka in neutral zone.
0:36 of 2nd period - Snap shot by Andrei Loktionov.
0:36 of 2nd period - Stopped by Joey MacDonald with a rebound.
0:38 of 2nd period - Snap shot by Devin Setoguchi.
0:38 of 2nd period - Stopped by Joey MacDonald with a rebound.
0:42 of 2nd period - Snap shot by Andrei Loktionov.
0:42 of 2nd period - Shot Misses the Net.
0:44 of 2nd period - Snap shot by Devin Setoguchi.
0:44 of 2nd period - Goal by Devin Setoguchi - Patriotes : 0 - Staline : 1.
0:45 of 2nd period - Peter Mueller wins face-off versus Zenon Konopka in neutral zone.
1:21 of 2nd period - Slapshot by Brett Skinner.
1:21 of 2nd period - Shot Misses the Net.
1:49 of 2nd period - Snap shot by Andrei Loktionov.
1:49 of 2nd period - Shot Blocked by Lauri Tukonen.
2:20 of 2nd period - Wrist shot by Liam Reddox.
2:20 of 2nd period - Shot Blocked by Peter Mueller.
3:07 of 2nd period - Snap shot by Joe Charlebois.
3:07 of 2nd period - Shot Misses the Net.
3:18 of 2nd period - Off-side.
3:19 of 2nd period - Zenon Konopka wins face-off versus Cody Eakin in neutral zone.
3:30 of 2nd period - Backhand shot by Tomas Kurka.
3:30 of 2nd period - Shot Blocked by Tyler Cuma.
3:32 of 2nd period - Snap shot by Andreas Nodl.
3:32 of 2nd period - Goal by Andreas Nodl - Patriotes : 1 - Staline : 1.
3:33 of 2nd period - Zenon Konopka wins face-off versus Andrei Loktionov in neutral zone.
4:26 of 2nd period - Lauri Tukonen is hit by Nick Spaling and loses puck.
4:33 of 2nd period - Slapshot by T.J. Fast.
4:33 of 2nd period - Shot Blocked by Timothy Kunes.
4:53 of 2nd period - Liam Reddox is hit by Danny Kristo and loses puck.
5:06 of 2nd period - Snap shot by James Sheppard.
5:06 of 2nd period - Shot Blocked by Zenon Konopka.
6:10 of 2nd period - Theo Peckham is hit by Andreas Nodl and loses puck.
6:19 of 2nd period - Slapshot by Michael Del Zotto.
6:19 of 2nd period - Shot Misses the Net.
6:25 of 2nd period - Snap shot by Mathieu Perreault.
6:25 of 2nd period - Shot Misses the Net.
6:31 of 2nd period - Michael Del Zotto is hit by Brett Skinner and loses puck.
6:36 of 2nd period - Slapshot by Liam Reddox.
6:36 of 2nd period - Shot Blocked by Torey Krug.
6:38 of 2nd period - Snap shot by Liam Reddox.
6:38 of 2nd period - Stopped by Tobias Stephan without a rebound.
6:39 of 2nd period - Andrei Loktionov wins face-off versus Zenon Konopka in Staline zone.
6:39 of 2nd period - Andrei Loktionov is hit by Zenon Konopka.
6:54 of 2nd period - Minor Penalty to Pierre-Luc Létourneau for Roughing.
6:55 of 2nd period - Devin Setoguchi wins face-off versus Zenon Konopka in Staline zone.
8:54 of 2nd period - Penalty to Pierre-Luc Létourneau is over, Pierre-Luc Létourneau is back on ice.
8:55 of 2nd period - Icing by Joe Charlebois.
8:56 of 2nd period - Nick Spaling wins face-off versus Cory Emmerton in Patriotes zone.
9:19 of 2nd period - Slapshot by Dwight King.
9:19 of 2nd period - Stopped by Tobias Stephan with a rebound.
9:29 of 2nd period - Slapshot by Dwight King.
9:29 of 2nd period - Stopped by Tobias Stephan with a rebound.
9:35 of 2nd period - Minor Penalty to Mason Raymond for Hooking.
9:36 of 2nd period - Pierre-Luc Létourneau wins face-off versus Zenon Konopka in Staline zone.
9:47 of 2nd period - Slapshot by Brett Skinner.
9:47 of 2nd period - Stopped by Tobias Stephan without a rebound.
9:48 of 2nd period - Devin Setoguchi wins face-off versus Tomas Kurka in Staline zone.
9:53 of 2nd period - Slapshot by T.J. Fast.
9:53 of 2nd period - Goal by T.J. Fast - Patriotes : 1 - Staline : 2.
9:54 of 2nd period - Tomas Kurka wins face-off versus Devin Setoguchi in neutral zone.
10:09 of 2nd period - Slapshot by T.J. Fast.
10:09 of 2nd period - Stopped by Joey MacDonald with a rebound.
10:21 of 2nd period - Andrew Gordon is hit by Cam Janssen and loses puck.
10:30 of 2nd period - Wrist shot by Andrei Loktionov.
10:30 of 2nd period - Stopped by Joey MacDonald with a rebound.
10:34 of 2nd period - Snap shot by Cam Janssen.
10:34 of 2nd period - Shot Misses the Net.
11:24 of 2nd period - Nick Spaling is hit by Cory Emmerton and loses puck.
11:35 of 2nd period - Penalty to Mason Raymond is over, Mason Raymond is back on ice.
12:01 of 2nd period - Michael Del Zotto is hit by Brett Skinner and loses puck.
14:09 of 2nd period - Michael Del Zotto is hit by Lauri Tukonen and loses puck.
14:22 of 2nd period - Tyler Myers is hit by Torey Krug and loses puck.
14:29 of 2nd period - Torey Krug is hit by Andreas Nodl.
15:02 of 2nd period - Snap shot by Timothy Kunes.
15:02 of 2nd period - Stopped by Tobias Stephan with a rebound.
15:19 of 2nd period - Off-side.
15:20 of 2nd period - Andrew Gordon wins face-off versus Mathieu Perreault in neutral zone.
15:25 of 2nd period - Theo Peckham is hit by Cory Emmerton and loses puck.
15:59 of 2nd period - Slapshot by Nick Spaling.
15:59 of 2nd period - Stopped by Joey MacDonald without a rebound.
16:00 of 2nd period - Andrei Loktionov wins face-off versus Zenon Konopka in Patriotes zone.
16:01 of 2nd period - Snap shot by Devin Setoguchi.
16:01 of 2nd period - Shot Misses the Net.
16:07 of 2nd period - Wrist shot by Andrei Loktionov.
16:07 of 2nd period - Shot Misses the Net.
16:45 of 2nd period - Minor Penalty to Nigel Williams for Hooking.
16:46 of 2nd period - Andrei Loktionov wins face-off versus Tomas Kurka in Patriotes zone.
16:47 of 2nd period - Wrist shot by Pierre-Luc Létourneau.
16:47 of 2nd period - Shot Blocked by Andreas Nodl.
16:57 of 2nd period - Wrist shot by Michael Del Zotto.
16:57 of 2nd period - Goal by Michael Del Zotto - Patriotes : 1 - Staline : 3.
16:58 of 2nd period - Devin Setoguchi wins face-off versus Zenon Konopka in neutral zone.
16:58 of 2nd period - Devin Setoguchi is hit by Tomas Kurka.
17:12 of 2nd period - Snap shot by Andreas Nodl.
17:12 of 2nd period - Shot Blocked by T.J. Fast.
17:39 of 2nd period - Andrew Gordon is hit by Stu Bickel and loses puck.
17:52 of 2nd period - Snap shot by Christian Hanson.
17:52 of 2nd period - Shot Misses the Net.
17:54 of 2nd period - Snap shot by Dwight King.
17:54 of 2nd period - Shot Misses the Net.
17:56 of 2nd period - Slapshot by Brett Skinner.
17:56 of 2nd period - Deflect By Dwight King.
17:56 of 2nd period - Goal by Dwight King - Patriotes : 2 - Staline : 3.
17:57 of 2nd period - Zenon Konopka wins face-off versus Andrei Loktionov in neutral zone.
18:22 of 2nd period - Andrei Loktionov is hit by Timothy Kunes and loses puck.
18:31 of 2nd period - Slapshot by Andrei Loktionov.
18:31 of 2nd period - Stopped by Joey MacDonald with a rebound.
18:33 of 2nd period - Snap shot by Devin Setoguchi.
18:33 of 2nd period - Shot Blocked by Timothy Kunes.
18:43 of 2nd period - Slapshot by Devin Setoguchi.
18:43 of 2nd period - Stopped by Joey MacDonald with a rebound.
18:57 of 2nd period - Slapshot by Timothy Kunes.
18:57 of 2nd period - Shot Blocked by Michael Del Zotto.
19:04 of 2nd period - Off-side.
19:05 of 2nd period - Zenon Konopka wins face-off versus Peter Mueller in neutral zone.
19:13 of 2nd period - T.J. Fast is hit by Brett Skinner and loses puck.
19:34 of 2nd period - Wrist shot by Tyler Cuma.
19:34 of 2nd period - Stopped by Joey MacDonald without a rebound.
19:35 of 2nd period - Cody Eakin wins face-off versus Cory Emmerton in Patriotes zone.
19:52 of 2nd period - Cory Emmerton is hit by Theo Peckham and loses puck.
Goals for this period are 2 for Patriotes vs 3 for Staline.
Shots for this period are 7 for Patriotes vs 11 for Staline.
3rd period
0:01 of 3rd period - Zenon Konopka wins face-off versus Pierre-Luc Létourneau in neutral zone.
0:07 of 3rd period - Minor Penalty to T.J. Fast for Hooking.
0:08 of 3rd period - Devin Setoguchi wins face-off versus Zenon Konopka in Staline zone.
0:08 of 3rd period - Devin Setoguchi is hit by Zenon Konopka.
0:37 of 3rd period - Snap shot by Cory Emmerton.
0:37 of 3rd period - Deflect By Fedor Fedorov.
0:37 of 3rd period - Goal by Fedor Fedorov - Patriotes : 3 - Staline : 3.
0:38 of 3rd period - Zenon Konopka wins face-off versus Andrei Loktionov in neutral zone.
1:37 of 3rd period - Wrist shot by Mathieu Perreault.
1:37 of 3rd period - Stopped by Joey MacDonald with a rebound.
1:54 of 3rd period - Slapshot by Tomas Kurka.
1:54 of 3rd period - Stopped by Tobias Stephan without a rebound.
1:55 of 3rd period - Cory Emmerton wins face-off versus Andrei Loktionov in Staline zone.
2:03 of 3rd period - Off-side.
2:04 of 3rd period - Andrei Loktionov wins face-off versus Andrew Gordon in neutral zone.
2:13 of 3rd period - Slapshot by Pierre-Luc Létourneau.
2:13 of 3rd period - Deflect By Andrei Loktionov.
2:13 of 3rd period - Stopped by Joey MacDonald with a rebound.
2:15 of 3rd period - Slapshot by T.J. Fast.
2:15 of 3rd period - Stopped by Joey MacDonald with a rebound.
2:26 of 3rd period - Minor Penalty to T.J. Fast for Slashing.
2:27 of 3rd period - Cory Emmerton wins face-off versus Devin Setoguchi in Staline zone.
2:27 of 3rd period - Backhand shot by Andrew Gordon.
2:27 of 3rd period - Shot Hit the Post.
2:29 of 3rd period - Snap shot by Fedor Fedorov.
2:29 of 3rd period - Deflect By Cory Emmerton.
2:29 of 3rd period - Stopped by Tobias Stephan without a rebound.
2:30 of 3rd period - Devin Setoguchi wins face-off versus Cory Emmerton in Staline zone.
3:00 of 3rd period - Snap shot by Tomas Kurka.
3:00 of 3rd period - Stopped by Tobias Stephan without a rebound.
3:01 of 3rd period - Zenon Konopka wins face-off versus Cam Janssen in Staline zone.
3:04 of 3rd period - Snap shot by Tomas Kurka.
3:04 of 3rd period - Shot Misses the Net.
3:16 of 3rd period - Zenon Konopka is hit by Devin Setoguchi and loses puck.
3:41 of 3rd period - Wrist shot by Cory Emmerton.
3:41 of 3rd period - Stopped by Tobias Stephan with a rebound.
4:26 of 3rd period - Penalty to T.J. Fast is over, T.J. Fast is back on ice.
5:12 of 3rd period - Wrist shot by Andrei Loktionov.
5:12 of 3rd period - Stopped by Joey MacDonald without a rebound.
5:13 of 3rd period - Mathieu Perreault wins face-off versus Cory Emmerton in Patriotes zone.
5:24 of 3rd period - Tyler Myers is hit by Jared Boll and loses puck.
5:41 of 3rd period - Slapshot by Michael Del Zotto.
5:41 of 3rd period - Stopped by Joey MacDonald without a rebound.
5:42 of 3rd period - Zenon Konopka wins face-off versus Cody Eakin in Patriotes zone.
5:52 of 3rd period - Wrist shot by Andreas Nodl.
5:52 of 3rd period - Shot Blocked by Torey Krug.
5:54 of 3rd period - Snap shot by Tomas Kurka.
5:54 of 3rd period - Stopped by Tobias Stephan without a rebound.
5:55 of 3rd period - Andreas Nodl wins face-off versus Mathieu Perreault in Staline zone.
6:03 of 3rd period - Off-side.
6:04 of 3rd period - Mathieu Perreault wins face-off versus Zenon Konopka in neutral zone.
6:07 of 3rd period - Zenon Konopka is hit by Tyler Cuma and loses puck.
6:12 of 3rd period - Snap shot by Nick Spaling.
6:12 of 3rd period - Deflect By Jared Boll.
6:12 of 3rd period - Stopped by Joey MacDonald with a rebound.
6:14 of 3rd period - Slapshot by Theo Peckham.
6:14 of 3rd period - Shot Misses the Net.
6:16 of 3rd period - Snap shot by Mathieu Perreault.
6:16 of 3rd period - Shot Misses the Net.
6:18 of 3rd period - Snap shot by Nick Spaling.
6:18 of 3rd period - Stopped by Joey MacDonald without a rebound.
6:19 of 3rd period - Andrei Loktionov wins face-off versus Cory Emmerton in Patriotes zone.
6:44 of 3rd period - Andrei Loktionov is hit by Lauri Tukonen and loses puck.
6:53 of 3rd period - Snap shot by Christian Hanson.
6:53 of 3rd period - Shot Misses the Net.
7:15 of 3rd period - Double Minor Penalty to Andreas Nodl for Boarding.
7:16 of 3rd period - Tomas Kurka wins face-off versus Peter Mueller in Patriotes zone.
9:47 of 3rd period - Christian Hanson is hit by Tyler Cuma and loses puck.
11:15 of 3rd period - Penalty to Andreas Nodl is over, Andreas Nodl is back on ice.
11:17 of 3rd period - Icing by Devin Setoguchi.
11:18 of 3rd period - Andrei Loktionov wins face-off versus Zenon Konopka in Staline zone.
11:33 of 3rd period - Wrist shot by Andrew Gordon.
11:33 of 3rd period - Shot Misses the Net.
11:45 of 3rd period - Tyler Cuma is hit by Andreas Nodl and loses puck.
12:34 of 3rd period - Icing by Danny Kristo.
12:35 of 3rd period - Cody Eakin wins face-off versus Fedor Fedorov in Staline zone.
12:40 of 3rd period - Cory Emmerton is hit by Michael Del Zotto and loses puck.
13:01 of 3rd period - Wrist shot by Danny Kristo.
13:01 of 3rd period - Stopped by Joey MacDonald with a rebound.
13:03 of 3rd period - Snap shot by Danny Kristo.
13:03 of 3rd period - Shot Blocked by Mathieu Brodeur.
13:16 of 3rd period - Slapshot by Cody Eakin.
13:16 of 3rd period - Stopped by Joey MacDonald without a rebound.
13:17 of 3rd period - Patrice Cormier wins face-off versus Andrei Loktionov in Patriotes zone.
13:30 of 3rd period - Snap shot by Patrice Cormier.
13:30 of 3rd period - Stopped by Tobias Stephan with a rebound.
14:16 of 3rd period - Wrist shot by Nick Spaling.
14:16 of 3rd period - Goal by Nick Spaling - Patriotes : 3 - Staline : 4.
14:17 of 3rd period - Andrei Loktionov wins face-off versus Zenon Konopka in neutral zone.
14:26 of 3rd period - Stu Bickel is hit by Zenon Konopka and loses puck.
14:33 of 3rd period - Brett Skinner is hit by Pierre-Luc Létourneau and loses puck.
14:44 of 3rd period - Mason Raymond is hit by Tyler Myers and loses puck.
15:11 of 3rd period - Christian Hanson is hit by Tyler Cuma.
15:35 of 3rd period - Minor Penalty to Tyler Cuma for High sticking.
15:36 of 3rd period - Devin Setoguchi wins face-off versus Tomas Kurka in Staline zone.
16:09 of 3rd period - Slapshot by Brett Skinner.
16:09 of 3rd period - Stopped by Tobias Stephan without a rebound.
16:10 of 3rd period - Cam Janssen wins face-off versus Cory Emmerton in Staline zone.
17:35 of 3rd period - Penalty to Tyler Cuma is over, Tyler Cuma is back on ice.
17:56 of 3rd period - Snap shot by Andrei Loktionov.
17:56 of 3rd period - Stopped by Joey MacDonald without a rebound.
17:57 of 3rd period - Christian Hanson wins face-off versus Mathieu Perreault in Patriotes zone.
17:57 of 3rd period - Christian Hanson is hit by Nick Spaling.
18:00 of 3rd period - Penalty Shot by Timothy Kunes for Patriotes.
18:00 of 3rd period - Backhand shot by Timothy Kunes.
18:00 of 3rd period - Stopped by Tobias Stephan.
18:01 of 3rd period - Christian Hanson wins face-off versus Mathieu Perreault in Patriotes zone.
18:27 of 3rd period - Stu Bickel is hit by Andreas Nodl and loses puck.
18:40 of 3rd period - Snap shot by Andrei Loktionov.
18:40 of 3rd period - Shot Blocked by Brett Skinner.
19:23 of 3rd period - Patriotes, Joey MacDonald is pulled from the net.
19:33 of 3rd period - Snap shot by Andrei Loktionov.
19:33 of 3rd period - Goal by Andrei Loktionov - Patriotes : 3 - Staline : 5.
19:33 of 3rd period - Joey MacDonald from Patriotes was sent back in the game.
19:34 of 3rd period - Mathieu Perreault wins face-off versus Patrice Cormier in neutral zone.
Goals for this period are 1 for Patriotes vs 2 for Staline.
Shots for this period are 8 for Patriotes vs 12 for Staline.
Output by the SimonT Hockey Simulator (STHS) for François Prévost -- Original Page W3C XHTML 1.0 Valid